 Dungeon Crawl Stone Soup version 0.31-a0-232-gb1c03b2570 (webtiles) character file.

Game seed: 1737539903268576193

341 qw the Shooter (level 6, -1/52 HPs)
             Began as a Minotaur Hexslinger on July 7, 2023.
             Slain by an ice beast (7 damage)
             ... on level 5 of the Dungeon.
             The game lasted 00:01:10 (3814 turns).

qw the Shooter (Minotaur Hexslinger)                Turns: 3814, Time: 00:01:10

Health: -1/52      AC:  6    Str: 12    XL:     6   Next: 30%
Magic:  6/6        EV: 11    Int: 10    God:
Gold:   224        SH:  0    Dex: 15    Spells: 6/7 levels left

rFire   . . .        b - +0 orcbow
rCold   . . .        (shield currently unavailable)
rNeg    . . .        i - +0 ring mail
rPois   .            (helmet restricted)
rElec   .            (no cloak)
rCorr   .            h - +0 pair of gloves
SInv    .            (no boots)
Will    .....        a - amulet of faith
Stlth   +            (no ring)
HPRegen 0.28/turn    (no ring)
MPRegen 0.10/turn

%: faith
@: no status effects
A: horns 2, retaliatory headbutt
a: no special abilities


You were on level 5 of the Dungeon.
You visited 1 branch of the dungeon, and saw 5 of its levels.

You collected 224 gold pieces.


Innate Abilities, Weirdness & Mutations

You have a pair of horns on your head.
You reflexively headbutt those who attack you in melee.


   Skills:
 + Level 3.6 Fighting
 - Level 6.4 Ranged Weapons
 - Level 1.4 Armour
 - Level 2.1 Dodging
 - Level 1.0 Spellcasting
 - Level 2.0 Hexes


You had 6 spell levels left.
You knew the following spells:

 Your Spells              Type           Power      Damage    Failure   Level
a - Slow                  Hex            16%        N/A       32%         1

Your spell library contained the following spells:

 Spells                   Type           Power      Damage    Failure   Level
 Inner Flame              Hex/Fire       2%         N/A       83%         3
 Portal Projectile        Hex/Tloc       4%         N/A       83%         3
 Cause Fear               Hex            2%         N/A       97%         4

Inventory:

Hand Weapons
 b - a +0 orcbow (weapon)
Armour
 h - a +0 pair of gloves (worn)
 i - a +0 ring mail (worn)
Jewellery
 a - an amulet of faith (around neck)
Scrolls
 g - 2 scrolls of identify
Potions
 c - a potion of ambrosia {unknown}
 d - a potion of resistance {unknown}
 e - a potion of enlightenment
 f - a potion of mutation {unknown}
 j - 2 potions of curing {unknown}

Dungeon Overview and Level Annotations

Branches:
Dungeon (5/15)
 Temple: D:4-7

Altars:
Ashenzari
Elyvilon
Makhleb
Sif Muna
Uskayaw
Xom


Message History

You shoot an arrow. The arrow hits the ice beast.
The ice beast is lightly wounded.
You shoot an arrow.
The arrow hits the ice beast but does no damage.
The ice beast is lightly wounded.
You shoot an arrow. The arrow hits the ice beast!
The ice beast is heavily wounded.
The ice beast hits you but does no damage. x2
You shoot an arrow.
The arrow hits the ice beast but does no damage.
The ice beast is heavily wounded.
The ice beast hits you but does no damage.
You shoot an arrow. The arrow closely misses the ice beast.
The ice beast hits you but does no damage.
You shoot an arrow. The arrow barely misses the ice beast.
The ice beast hits you. The ice beast freezes you! The ice beast hits you.
The ice beast freezes you!
You shoot an arrow.
The arrow hits the ice beast but does no damage.
The ice beast is heavily wounded.
The ice beast hits you but does no damage.
You shoot an arrow. The arrow hits the ice beast.
The ice beast is heavily wounded.
The ice beast hits you. The ice beast freezes you!
You shoot an arrow. The arrow barely misses the ice beast.
The ice beast barely misses you.
You shoot an arrow. The arrow barely misses the ice beast.
The ice beast hits you but does no damage. x2
You shoot an arrow. The arrow hits the ice beast.
The ice beast is heavily wounded.
The ice beast hits you. The ice beast freezes you!
You shoot an arrow.
The arrow hits the ice beast but does no damage.
The ice beast is heavily wounded.
The ice beast hits you but does no damage.
You shoot an arrow. The arrow hits the ice beast.
The ice beast is severely wounded.
The ice beast completely misses you. The ice beast hits you.
The ice beast freezes you!
You die...

... .). #.#.##.#
#.#.##.# #
#.#.##)# .
#.#)##.# #.
#.#.##Y#
###.#######.#.##@#
............#.##.#
###..............#
..####.)......####
#.# #.######## #.#
#.# #.# ##)##
..###..<#
........#


You could see an ice beast.

Vanquished Creatures
  A phantom (D:4)
  A crimson imp (D:3)
  A hound (D:5)
  An orc priest (D:3)
  An iguana (D:4)
  4 adders
  2 ufetubi (D:4)
  A worm (D:4)
  5 dart slugs
  15 orcs
  6 bats
  7 endoplasms
  2 giant cockroaches
  4 goblins
  2 hobgoblins
  4 quokkas
  6 ball pythons
  2 frilled lizards
  5 kobolds
  4 rats
74 creatures vanquished.

Notes
Turn   | Place    | Note
-------+----------+-------------------------------------------
     0 | D:1      | qw the Minotaur Hexslinger began the quest for the Orb.
     0 | D:1      | Reached XP level 1. HP: 16/16 MP: 1/1
     0 | D:1      | 0 ||| qw: Version: 0.3-a-46-gb1f654a
     0 | D:1      | 0 ||| qw: Game counter: 2767
     0 | D:1      | 0 ||| qw: Melee chars always use a shield: true
     0 | D:1      | 0 ||| qw: God list: Okawaru
     0 | D:1      | 0 ||| qw: Allow faded altars: false
     0 | D:1      | 0 ||| qw: Do Orc after clearing Dungeon:15 true
     0 | D:1      | 0 ||| qw: Do second Lair branch before Depths: true
     0 | D:1      | 0 ||| qw: Lair rune preference: random
     0 | D:1      | 0 ||| qw: Goals: Normal
     0 | D:1      | 0 ||| PLANNING D:1-11
   193 | D:1      | 193 ||| FLEEEEING.
   215 | D:1      | Reached skill level 3 in Ranged Weapons
   304 | D:1      | Reached XP level 2. HP: 23/23 MP: 2/2
   755 | D:1      | 755 ||| UPGRADING to +0 pair of gloves.
   760 | D:1      | 760 ||| UPGRADING to +0 ring mail.
   770 | D:1      | 770 ||| DROPPING +0 robe.
   771 | D:1      | 771 ||| READING scroll labelled BEITHR GODELU.
   872 | D:1      | 872 ||| READING scroll labelled CAOPTA RUN DER.
   875 | D:1      | 875 ||| DRINKING 2 golden potions.
   876 | D:1      | 876 ||| DROPPING scroll of poison.
  1079 | D:2      | Reached XP level 3. HP: 29/29 MP: 3/3
  1543 | D:2      | 1543 ||| READING scroll labelled OTUWKEISAEP.
  1544 | D:2      | 1544 ||| READING scroll labelled BOICVIC FOUZAM.
  1545 | D:2      | 1545 ||| READING scroll labelled LAISASATUM.
  1623 | D:3      | Reached skill level 4 in Ranged Weapons
  1755 | D:3      | 1755 ||| SWAPPING to +0 orcbow.
  1758 | D:3      | 1758 ||| DROPPING +1 sling.
  1869 | D:3      | Reached skill level 1 in Armour
  2019 | D:3      | Found a shimmering altar of Xom.
  2019 | D:3      | Found a burning altar of Makhleb.
  2027 | D:3      | Reached XP level 4. HP: 24/36 MP: 4/4
  2250 | D:3      | HP: 8/36 [orc priest/+0 club (3)]
  2251 | D:3      | 2251 ||| READING 2 scrolls of teleportation.
  2252 | D:3      | 2252 ||| DRINKING potion of heal wounds.
  2253 | D:3      | Reached skill level 5 in Ranged Weapons
  2338 | D:3      | Reached XP level 5. HP: 41/41 MP: 5/5
  2499 | D:3      | Found a hide-covered altar of Uskayaw.
  2500 | D:3      | 2500 ||| DRINKING 2 sapphire potions.
  2599 | D:4      | Found a broken altar of Ashenzari.
  2600 | D:4      | Found a shimmering blue altar of Sif Muna.
  2792 | D:4      | Reached skill level 3 in Fighting
  2905 | D:4      | Found a white marble altar of Elyvilon.
  3019 | D:4      | HP: 9/45 [orc/+0 flail (3)]
  3020 | D:4      | 3020 ||| READING scroll of teleportation.
  3305 | D:4      | Noticed a phantom
  3315 | D:4      | Killed a phantom
  3316 | D:4      | Reached skill level 6 in Ranged Weapons
  3316 | D:4      | Reached XP level 6. HP: 40/51 MP: 6/6
  3689 | D:4      | 3689 ||| UPGRADING to amulet of faith.
  3722 | D:5      | Entered Level 5 of the Dungeon
  3799 | D:5      | Noticed an ice beast
  3812 | D:5      | HP: 6/52 [ice beast (8)]
  3814 | D:5      | Slain by an ice beast

Levels and vault maps discovered:
D:1:      saegor_arrival_under_anarchy, layout_loops_ring,
          nicolae_figureground_sparkle
D:2:      cheibrodos_old_hovel, layout_loops_cross, serial_forest,
          infiniplex_forest_zigzag_2, infiniplex_forest_lined_3,
          infiniplex_forest_end_double, infiniplex_forest_clump_diagonal,
          infiniplex_forest_fountain, infiniplex_forest_zigzag_1,
          infiniplex_forest_clump_cross
D:3:      layout_basic, grunt_temple_overflow_champion_of_chaos,
          lemuel_coloured_pillars_altar
D:4:      layout_loops_corners, elyvilon_altar_3, grunt_temple_overflow_open
D:5:      layout_loops_ring

Skill      XL: |  1  2  3  4  5 |
---------------+----------------+-----
Ranged Weapons | 3 4 5 6 |  6.4
Fighting       | 2 3 |  3.6
Armour         | 1 |  1.4
Dodging        | |  2.1
Spellcasting   | |  1.0
Hexes          | |  2.0

Action                     |  1- 3 |  4- 6 || total
---------------------------+-------+-------++-------
   Fire: Sling             |    89 |       ||    89
         Orcbow            |    33 |   130 ||   163
    Use: Scroll            |     5 |     2 ||     7
         Potion            |     1 |     2 ||     3
 Armour: Robe              |     1 |       ||     1
         Ring mail         |    19 |    36 ||    55
  Dodge: Dodged            |    45 |    48 ||    93

Table legend:
 A = Non-vault XP
 B = Vault XP
 C = Vault XP percentage of total XP
 D = Non-vault monster count
 E = Vault monster count
 F = Vault count percentage of total count
                 A         B        C        D         E       F
            +---------+---------+-------+---------+---------+-------
      Total |     438 |      50 |  10.2 |      72 |       2 |   2.7
            +---------+---------+-------+---------+---------+-------
        D:1 |      28 |       0 |   0.0 |      16 |       0 |   0.0
        D:2 |      28 |       2 |   6.7 |      15 |       1 |   6.2
        D:3 |     105 |      48 |  31.4 |      16 |       1 |   5.9
        D:4 |     220 |       0 |   0.0 |      20 |       0 |   0.0
        D:5 |      57 |       0 |   0.0 |       5 |       0 |   0.0
            +---------+---------+-------+---------+---------+-------
